 Dungeon Crawl Stone Soup version 0.28.0-1-gb440e238dd (webtiles) character file.

Game seed: 12498793934048690800

2145 Majang the Ruffian (level 9, -2/88 HPs)
             Began as a Troll Delver on Feb 18, 2022.
             Was a High Priest of Cheibriados.
             Slain by a centaur (3 damage)
             ... on level 8 of the Dungeon.
             The game lasted 00:26:06 (6224 turns).

Majang the Ruffian (Troll Delver)                   Turns: 6224, Time: 00:26:08

Health: -2/88      AC:  4    Str: 34    XL:     9   Next: 9%
Magic:  11/11      EV: 12    Int: 22    God:    Cheibriados [*****.]
Gold:   459        SH:  0    Dex: 23    Spells: 12/12 levels left

rFire   . . .      SeeInvis .     - Unarmed
rCold   . . .      Faith    .   (no shield)
rNeg    + . .      Spirit   .   m - +0 robe {rN+}
rPois   +          Reflect  .   (helmet restricted)
rElec   .          Harm     .   (no cloak)
rCorr   .          Rampage  .   (gloves unavailable)
Will    +....                   (boots unavailable)
Stlth   +++.......              (no amulet)
HPRegen 1.04/turn               s - ring of willpower
MPRegen 0.12/turn               p - ring of poison resistance

@: studying Fighting, very slow
A: large, unfitting armour, claws 3, regeneration 1, shaggy fur 1, tough skin 1
a: Renounce Religion, Bend Time, Temporal Distortion, Slouch, Step From Time


You were on level 8 of the Dungeon.
You worshipped Cheibriados.
Cheibriados was extremely pleased with you.
You visited 2 branches of the dungeon, and saw 9 of its levels.
You also visited: Bailey.

You collected 459 gold pieces.

Inventory:

Missiles
 h - 2 silver javelins
 n - 2 boomerangs of dispersal
 o - 3 boomerangs
 q - 21 poisoned darts (quivered)
Armour
 a - a +1 robe
 m - a +0 robe of positive energy (worn)
Jewellery
 d - an amulet of guardian spirit
 p - a ring of poison resistance (right claw)
 s - a ring of willpower (left claw)
Wands
 f - a wand of digging (4)
 g - a wand of flame (31)
 i - a wand of acid (4)
Scrolls
 b - 7 scrolls of fog
 c - 2 scrolls of magic mapping
 e - 2 scrolls of enchant weapon
 l - 4 scrolls of teleportation
Potions
 j - a potion of resistance
 k - a potion of attraction
 r - 2 potions of mutation
 u - 2 potions of magic {unknown}
 v - a potion of invisibility {unknown}


   Skills:
 + Level 5.6 Fighting
 + Level 2.1 Throwing
 + Level 3.7 Dodging
 - Level 2.7 Stealth
 * Level 7.9 Unarmed Combat
 + Level 2.0 Spellcasting
 + Level 3.5 Invocations


You had 12 spell levels left.
You didn't know any spells.
Your spell library contained the following spells:

 Spells                   Type           Power      Damage    Failure   Level
 Beastly Appendage        Tmut           4%         N/A       14%         1
 Pain                     Necr           8%         1d4       14%         1
 Wereblood                Tmut           2%         N/A       21%         2
 Conjure Flame            Conj/Fire      2%         6-21      38%         3
 Frozen Ramparts          Ice            4%         1d2       38%         3
 Ignite Poison            Fire/Tmut/Pois 2%         N/A       38%         3
 Spider Form              Tmut/Pois      2%         N/A       38%         3
 Animate Dead             Necr           1%         N/A       80%         4
 Ice Form                 Ice/Tmut       2%         N/A       80%         4
 Sticky Flame             Conj/Fire      2%         2d3       80%         4
 Summon Ice Beast         Ice/Summ       2%         N/A       80%         4
 Agony                    Necr           2%         N/A       98%         5
 Borgnjor's Vile Clutch   Necr/Erth      1%         N/A       98%         5
 Excruciating Wounds      Necr           1%         N/A       98%         5
 Death Channel            Necr           1%         N/A       100%        6


Dungeon Overview and Level Annotations

Branches:
Dungeon (8/15)             Temple (1/1) D:5          Bailey (visited)
   Lair: D:8-11

Altars:
Cheibriados
Elyvilon
Okawaru
Qazlal
Ru
Wu Jian

Shops:
D:2 (=


Innate Abilities, Weirdness & Mutations

You are too large for most types of armour.
You have claws for hands.
Your natural rate of healing is unusually fast.
You are covered in fur. (AC +1)
You have tough skin. (AC +1)


Message History

An orc comes into view. It is wielding a +0 club.
You closely miss the orc warrior.
The orc shouts!
The orc warrior hits you with a +1 halberd of protection!!
You claw the orc warrior!
The orc warrior is heavily wounded.
The white imp gestures at you. The puff of frost hits you.
You barely miss the centaur.
The centaur unwields a +4 shortbow.
The centaur closely misses you.
The centaur kicks you but does no damage.
The orc warrior closely misses you.
You claw the orc warrior!
The orc warrior is almost dead.
The centaur hits you but does no damage.
The centaur completely misses you.
The orc warrior hits you with a +1 halberd of protection!!
* * * LOW HITPOINT WARNING * * *
You barely miss the orc warrior.
The orc warrior is almost dead.
The centaur barely misses you.
The centaur kicks you but does no damage.
The white imp hits you but does no damage.
The orc warrior misses you.
You barely miss the orc warrior.
The orc warrior is almost dead.
The centaur barely misses you.
The centaur kicks you but does no damage.
The white imp hits you but does no damage.
The centaur hits you.
* * * LOW HITPOINT WARNING * * *
The centaur kicks you but does no damage.
You scratch the orc warrior but do no damage.
The orc warrior is almost dead.
The orc warrior hits you with a +1 halberd of protection!
* * * LOW HITPOINT WARNING * * *
The centaur hits you.
* * * LOW HITPOINT WARNING * * *
The centaur kicks you.
You die...

#.....
##.....
.......
#......
.......
.......
#.....##
#....5<#
#.#..o@#
#.##c# #
.o.
##.#.
..#..
..+ ..
### ...
...


You could see an orc warrior, a centaur, a white imp and an orc.

Vanquished Creatures
  Prince Ribbit (D:7)
  A water moccasin (D:7)
  Duvessa (D:7)
  An orc warrior (D:7)
  A necrophage (D:4)
  A centaur (D:7)
  A kobold brigand (D:6)
  A wyvern zombie (D:7)
  A bullfrog (D:7)
  3 scorpions
  Dowan (D:7)
  2 water moccasin skeletons
  2 howler monkeys
  A bullfrog zombie (D:5)
  A centaur zombie (D:7)
  5 orc priests
  3 jellies
  2 gnoll shamans
  A hound (D:6)
  A centaur skeleton (D:7)
  A bullfrog skeleton (D:7)
  A scorpion zombie (D:5)
  2 orc wizards
  Ijyb (D:4)
  10 gnolls
  7 adders
  A shadow imp (D:6)
  A white imp (D:6)
  2 ufetubi (D:7)
  An adder zombie (D:2)
  2 adder skeletons
  A worm (D:2)
  5 dart slugs
  26 orcs
  4 bats (D:2)
  7 endoplasms
  6 giant cockroaches
  19 goblins
  11 hobgoblins
  4 jackals (D:3)
  2 quokkas (D:1)
  5 ball pythons
  A ball python zombie (D:2)
  A jackal zombie (D:2)
  15 kobolds
  A quokka zombie (D:2)
  8 rats
176 creatures vanquished.

Notes
Turn   | Place    | Note
-------+----------+-------------------------------------------
     0 | D:5      | Majang the Troll Delver began the quest for the Orb.
     0 | D:5      | Reached XP level 1. HP: 22/22 MP: 0/0
    26 | D:5      | Noticed a gnoll shaman
    46 | D:5      | Noticed a howler monkey
   126 | D:4      | You fall into a shaft and drop 1 floor!
   126 | D:5      | Found a staircase to the Ecumenical Temple.
   133 | Temple   | Entered the Ecumenical Temple
   160 | Temple   | Became a worshipper of Cheibriados the Contemplative
   195 | D:5      | Reached XP level 2. HP: 22/29 MP: 1/1
   314 | D:5      | Reached skill level 3 in Unarmed Combat
   314 | D:5      | Reached XP level 3. HP: 36/36 MP: 2/2
   320 | D:5      | Reached XP level 4. HP: 45/45 MP: 3/3
   401 | D:5      | Noticed a scorpion
   414 | D:5      | Killed a scorpion
   415 | D:5      | Reached skill level 4 in Unarmed Combat
   440 | D:5      | Reached XP level 5. HP: 53/53 MP: 4/4
   514 | D:5      | Reached skill level 5 in Unarmed Combat
   610 | D:5      | Reached XP level 6. HP: 58/62 MP: 5/5
   759 | D:4      | Noticed Ijyb
   764 | D:4      | Reached * piety under Cheibriados
   768 | D:4      | Killed Ijyb
   779 | D:4      | Reached skill level 1 in Invocations
  1084 | D:3      | Reached ** piety under Cheibriados
  1092 | D:2      | Found Laar's Jewellery Boutique.
  1137 | D:2      | Found Umagrodd's Weapon Shoppe.
  1201 | D:2      | Found a faded altar of an unknown god.
  1264 | D:1      | Upgraded the game from 0.28.0 to 0.28.0-1-gb440e238dd
  1680 | D:1      | Reached *** piety under Cheibriados
  2418 | D:2      | Reached XP level 7. HP: 69/70 MP: 7/7
  2636 | D:3      | Reached **** piety under Cheibriados
  3540 | D:4      | Reached skill level 6 in Unarmed Combat
  3847 | D:5      | HP: 2/70 [gnoll (10)]
  4403 | D:6      | Reached skill level 1 in Spellcasting
  4518 | D:6      | Reached XP level 8. HP: 72/79 MP: 8/8
  4662 | D:6      | Reached ***** piety under Cheibriados
  4927 | D:7      | Found a flagged portal.
  4949 | Bailey   | Entered a bailey
  5039 | Bailey   | Reached skill level 7 in Unarmed Combat
  5436 | D:7      | Noticed Prince Ribbit
  5458 | D:7      | Killed Prince Ribbit
  5459 | D:7      | Reached skill level 5 in Fighting
  5459 | D:7      | Reached skill level 1 in Throwing
  5562 | D:7      | Noticed Dowan
  5563 | D:7      | Noticed Duvessa
  5573 | D:7      | Killed Dowan
  5595 | D:7      | Killed Duvessa
  5872 | D:7      | Reached XP level 9. HP: 88/88 MP: 9/11
  6224 | D:8      | HP: 2/88 [orc warrior (13)]
  6224 | D:8      | Slain by a centaur

Illustrated notes

Levels and vault maps discovered:
D:1:      kennysheep_arrival_seaside, layout_rooms, amethyst_killhole,
          minmay_misc_feat_iff, minmay_box_of_dots
D:2:      layout_loops_corners, serial_undead, serial_undead_a, serial_undead_c,
          serial_undead_a, serial_undead_d, ebering_ecumenical_altar_webs,
          serial_shops, nicolae_shop_crystal, shop
D:3:      layout_loops_cross
D:4:      cheibrodos_greedy_goblins, layout_loops_ring, uniq_ijyb
D:5:      layout_basic, minmay_temple_entry_stoned_glass, minmay_misc_feat_room
D:6:      layout_rooms, serial_glass, glass_columns_a, glass_columns_b,
          chequers_avenue
D:7:      layout_loops_corners, enter_bailey_3, uniq_duvessa,
          uniq_prince_ribbit1
D:8:      layout_basic
Temple:   minmay_crystal_snake_temple

Skill      XL: |  1  2  3  4  5  6  7  8 |
---------------+-------------------------+-----
Unarmed Combat | 3 4 5 6 7 |  7.9
Fighting       | 3 4 5 |  5.6
Dodging        | 2 3 |  3.7
Invocations    | 1 2 3 |  3.5
Spellcasting   | 1 2 |  2.0
Throwing       | 2 |  2.1
Stealth        | |  2.7

Action                   |  1- 3 |  4- 6 |  7- 9 || total
-------------------------+-------+-------+-------++-------
Melee: Unarmed           |    19 |   162 |   226 ||   407
       Punch             |       |     6 |    13 ||    19
Throw: Dart              |       |       |     3 ||     3
Invok: Bend Time         |       |       |     1 ||     1
Evoke: Wand              |       |       |     2 ||     2
  Use: Potion            |       |     1 |     3 ||     4
       Scroll            |       |       |    13 ||    13
 Stab: Sleeping          |       |    14 |    10 ||    24
       Distracted        |       |     1 |     1 ||     2
Armor: Robe              |     4 |    41 |    68 ||   113
Dodge: Dodged            |    11 |    59 |   206 ||   276
